cohdb
Replays
Latest Replays
All Replays
Popular Replays
Top Player Replays
Match Explorer
How It Works
Community
CoH3 Stats
Reddit
Sign in to upload your games and track your stats! →
Sign in with Steam
Match 37624706
Unlisted
Match 37624706
Overview
Messages
Build Orders
End
Panzergrenadier Squad
Selects Italian Infantry
Panzergrenadier Squad
Panzergrenadier Squad
Construct Light Support Kompanie
MG34 Team
Selects Guastatori Squad
Guastatori Squad
Fire Support Elements
Selects Registered Artillery
Registered Artillery
Construct Panzerarmee Kommand
Registered Artillery
Suppomann
Wrathment
0
0
Comments
sign in to comment!
No comments posted yet!